 Dungeon Sprint DCSS version 0.27.0-1-g7a089689b8 (webtiles) character file.

Game seed: 9793761903603897699

5593 styxcanada the Imperceptible (level 10, -4/55 HPs)
             Began as a Spriggan Brigand on Aug 18, 2021.
             Was an Initiate of Gozag.
             Slain by a spriggan defender (8 damage)
             ... in the Dungeon (Sprint III: "The Ten Rune Challenge").
             The game lasted 00:09:59 (2039 turns).

styxcanada the Imperceptible (Spriggan Brigand)     Turns: 2039, Time: 00:10:04

Health: -4/55      AC:  5    Str:  5    XL:     10   Next: 45%
Magic:  11/11      EV: 27    Int: 13    God:    Gozag
Gold:   1591       SH:  0    Dex: 20    Spells: 9/9 levels left

rFire    . . .     SeeInvis +   a - +2 dagger
rCold    . . .     Faith    .   (shield restricted)
rNeg     . . .     Spirit   .   b - +0 robe
rPois    .         Reflect  .   (helmet restricted)
rElec    .         Harm     .   c - +0 cloak
rCorr    .         Rampage  .   (gloves unavailable)
Will     +....     Rnd*Rage +   (boots unavailable) Stlth +++++++++.NoTele +
                                (no amulet)
HPRegen  0.18/turn              (no ring)
MPRegen  0.12/turn              (no ring)

@: very quick
A: very small, no large weapons, unfitting armour, see invisible, speed 3,
iridescent scales 1, berserk 1, weak 1
a: Renounce Religion, Potion Petition, Call Merchant, Bribe Branch


You were in the Dungeon.
You worshipped Gozag.
Gozag was most pleased with you.
You visited 1 branch You collected 1591 gold pieces.

Inventory:

Hand Weapons
 a - a +2 dagger (weapon)
 o - a +1 long sword of holy wrath
 q - a +1 quarterstaff of freezing
Missiles
 d - 4 poisoned darts (quivered)
 e - 8 curare-tipped darts
Armour
 b - a +0 robe (worn)
 c - a +0 cloak (worn)
Wands
 j - a wand of iceblast (5)
Scrolls
 k - a scroll of blinking
 m - 2 scrolls of identify {unknown}
 p - a scroll of immolation {unknown}
Potions
 h - a potion of haste
 i - 2 potions of magic
 n - 3 potions of flight


   Skills:
 * Level 7.6 Fighting
 + Level 9.1 Short Blades
 + Level 8.2 Throwing
 * Level 12.0 Dodging
 * Level 23.9 Stealth
 - Level 0.4 Spellcasting
 * Level 8.5 Evocations


You had 9 spell levels left.
You didn't know any spells.
Your spell library contained the following spells:

 Spells                   Type           Power      Damage    Failure   Level
 Sublimation of Blood     Necr           0%         N/A       41%         2
 Wereblood                Tmut           0%         N/A       41%         2
 Summon Hydra             Summ           0%         N/A       100%        7


Dungeon Overview and Level Annotations

Branches:
Dungeon (1/1)

Altars:
Cheibriados
Dithmenos
Elyvilon
Fedhas
Gozag
Hepliaklqana
Kikubaaqudgha
Makhleb
Nemelex Xobeh
Okawaru
Qazlal
Ru
Sif Muna
Trog
Uskayaw
Vehumet
Wu Jian
Xom
Yredelemnul
Zin
The Shining One
Beogh
Jiyva
Lugonu


Innate Abilities, Weirdness & Mutations

You are very small and have problems with some larger weapons.
You are too small for most types of armour.
You have supernaturally acute eyesight. (SInv)
You cover ground extremely quickly. (Speed+++)
You are partially covered in iridescent scales. (AC +2)
You tend to lose your temper in combat.
You are weak. (Str -2)


Message History

You feel extremely sick.
* * * LOW HITPOINT WARNING * * *
You feel extremely sick.
You hear a shout!
* * * LOW HITPOINT WARNING * * *
You feel very sick.
You feel better.
You hear a shout! x2
You hear a shout! x2
You start resting.
A spriggan defender comes into view. It is wielding a +0 dagger.
You start resting.
A spriggan defender is nearby!
A spriggan defender is nearby!
Throw: 7 darts (poison)
Press: ? - help, Q - select action, (/) - cycle Shift-Dir - straight line, f - spriggan defender
Aim: a spriggan defender, wielding a +0 dagger (wandering, hasn't noticed you, 36% to hit)
You throw a poisoned dart.
The poisoned dart misses the spriggan defender.
The spriggan defender shouts!
Throw: 6 darts (poison)
Press: ? - help, Q - select action, (/) - cycle Shift-Dir - straight line, f/p - spriggan defender
Aim: a spriggan defender, wielding a +0 dagger (36% to hit)
You throw a poisoned dart.
The poisoned dart closely misses the spriggan defender.
Throw: 5 darts (poison)
Press: ? - help, Q - select action, (/) - cycle Shift-Dir - straight line, f/p - spriggan defender
Aim: a spriggan defender, wielding a +0 dagger (36% to hit)
You throw a poisoned dart.
The poisoned dart completely misses the spriggan defender.
The spriggan defender hits you with a +0 dagger!
* * * LOW HITPOINT WARNING * * *
Okay, then.
As you read the scroll labelled TYAQUC CIPI, it crumbles to dust.
Your body is wracked with pain!
* * * LOW HITPOINT WARNING * * *
The spriggan defender convulses!
It was a scroll of torment.
The spriggan defender hits you with a +0 dagger!
You die...
Your body crumbles into a pile of gold.

#°#####§☼
#..○§○☼§☼
#.#######
#.#$ #.#
#.# $ $
#.# $ $
#.# $ $
#@# $ $
#i# $ $
#.# #((
###


You could see a spriggan defender.

Vanquished Creatures
  Harold (D)
  Snorg (D)
  A centaur warrior (D)
  Joseph (D)
  A deep elf pyromancer (D)
  An unseen horror (D)
  2 orc high priests (D)
  A shadow (D)
  A spatial vortex (D)
  A necrophage (D)
  2 centaurs (D)
  An earth elemental (D)
  3 wandering mushrooms (D)
  A water elemental (D)
  A jelly (D)
  A wizard (D)
  A necromancer (D)
  3 humans (D)
  A kobold demonologist (D)
  A wolf (D)
  4 rats (D)
30 creatures vanquished.

Vanquished Creatures (others)
  An orc high priest (D)
  14 plants (D)
15 creatures vanquished.

Grand Total: 45 creatures vanquished

Notes
Turn   | Place    | Note
-------+----------+-------------------------------------------
     0 | D        | styxcanada the Spriggan Brigand began the quest for the
                  | Orb.
     0 | D        | Reached XP level 1. HP: 10/10 MP: 2/2
     5 | D        | Reached skill level 6 in Stealth
    19 | D        | Reached skill level 7 in Stealth
    55 | D        | Reached skill level 9 in Stealth
    55 | D        | Reached XP level 2. HP: 15/15 MP: 3/3
    88 | D        | Reached skill level 10 in Stealth
    88 | D        | Reached XP level 3. HP: 18/18 MP: 4/4
   101 | D        | Gained mutation: You are strong-willed. (Will+) [potion of
                  | mutation]
   101 | D        | Gained mutation: Your body sometimes deteriorates upon
                  | taking damage. [potion of mutation]
   102 | D        | Lost mutation: You are strong-willed. (Will+) [potion of
                  | mutation]
   102 | D        | Lost mutation: Your body sometimes deteriorates upon taking
                  | damage. [potion of mutation]
   102 | D        | Gained mutation: You have a pair of small horns on your
                  | head. [potion of mutation]
   103 | D        | Lost mutation: You have a pair of small horns on your head.
                  | [potion of mutation]
   103 | D        | Gained mutation: You have an increased reservoir of magic.
                  | (+10% MP) [potion of mutation]
   103 | D        | Lost mutation: You have an increased reservoir of magic.
                  | (+10% MP) [potion of mutation]
   103 | D        | Gained mutation: You occasionally shout uncontrollably at
                  | your foes. [potion of mutation]
   103 | D        | Gained mutation: Your mind is acute. (Int +2) [potion of
                  | mutation]
   104 | D        | Lost mutation: Your mind is acute. (Int +2) [potion of
                  | mutation]
   104 | D        | Lost mutation: You occasionally shout uncontrollably at
                  | your foes. [potion of mutation]
   104 | D        | Gained mutation: You occasionally shout uncontrollably at
                  | your foes. [potion of mutation]
   104 | D        | Gained mutation: You are partially covered in iridescent
                  | scales. (AC +2) [potion of mutation]
   105 | D        | Lost mutation: You occasionally shout uncontrollably at
                  | your foes. [potion of mutation]
   105 | D        | Gained mutation: You are weak. (Str -2) [potion of
                  | mutation]
   105 | D        | Gained mutation: You tend to lose your temper in combat.
                  | [potion of mutation]
   105 | D        | Gained mutation: You evolve. [potion of mutation]
   118 | D        | Noticed a water elemental
   125 | D        | Killed a water elemental
   126 | D        | Reached skill level 12 in Stealth
   126 | D        | Reached XP level 4. HP: 23/23 MP: 5/5
   264 | D        | Noticed a shadow
   266 | D        | Killed a shadow
   267 | D        | Reached skill level 5 in Dodging
   267 | D        | Reached skill level 15 in Stealth
   267 | D        | Reached XP level 5. HP: 28/28 MP: 6/6
   292 | D        | Reached XP level 6. HP: 15/32 MP: 7/7
   486 | D        | Found a blossoming altar of Fedhas.
   486 | D        | Found a stormy altar of Qazlal.
   486 | D        | Found a snail-covered altar of Cheibriados.
   486 | D        | Found a burning altar of Makhleb.
   486 | D        | Found a shimmering altar of Xom.
   487 | D        | Found a hazy altar of Hepliaklqana.
   487 | D        | Found an opulent altar of Gozag.
   487 | D        | Found a sparkling altar of Nemelex Xobeh.
   487 | D        | Found a corrupted altar of Lugonu.
   487 | D        | Found a viscous altar of Jiyva.
   487 | D        | Noticed a spatial vortex
   493 | D        | Became a worshipper of Gozag Ym Sagoz the Greedy
   588 | D        | Found a basalt altar of Yredelemnul.
   588 | D        | Found a shadowy altar of Dithmenos.
   588 | D        | Found a sacrificial altar of Ru.
   619 | D        | Reached skill level 16 in Stealth
   627 | D        | Found a hide-covered altar of Uskayaw.
   627 | D        | Found an iron altar of Okawaru.
   628 | D        | Found a bloodstained altar of Trog.
   628 | D        | Found an ornate altar of the Wu Jian Council.
   628 | D        | Noticed a human
   628 | D        | Noticed a human
   677 | D        | Killed a human
   678 | D        | Reached skill level 17 in Stealth
   678 | D        | Reached XP level 7. HP: 36/38 MP: 8/8
   715 | D        | Killed a human
   716 | D        | Reached skill level 5 in Throwing
   716 | D        | Reached skill level 18 in Stealth
   837 | D        | Found a glowing silver altar of Zin.
   837 | D        | Found a glowing golden altar of the Shining One.
   837 | D        | Found a white marble altar of Elyvilon.
   838 | D        | Noticed a deep elf pyromancer
   840 | D        | Killed a deep elf pyromancer
   841 | D        | Reached skill level 5 in Fighting
   841 | D        | Reached skill level 19 in Stealth
   841 | D        | Reached XP level 8. HP: 43/43 MP: 9/9
   863 | D        | Found a radiant altar of Vehumet.
   863 | D        | Found a shimmering blue altar of Sif Muna.
   863 | D        | Found an ancient bone altar of Kikubaaqudgha.
   919 | D        | Reached skill level 5 in Short Blades
   919 | D        | Reached skill level 20 in Stealth
   919 | D        | Reached skill level 1 in Evocations
  1028 | D        | Noticed Snorg
  1030 | D        | Killed Snorg
  1031 | D        | Reached skill level 21 in Stealth
  1031 | D        | Reached XP level 9. HP: 48/48 MP: 10/10
  1046 | D        | Noticed a centaur warrior
  1049 | D        | Killed a centaur warrior
  1050 | D        | Reached skill level 22 in Stealth
  1066 | D        | Noticed an unseen horror
  1068 | D        | Killed an unseen horror
  1069 | D        | Reached skill level 10 in Dodging
  1074 | D        | Noticed a wandering mushroom
  1078 | D        | Noticed a wandering mushroom
  1080 | D        | Noticed a wandering mushroom
  1791 | D        | Lost mutation: You evolve. [end of evolution]
  1828 | D        | Noticed Harold
  1828 | D        | Noticed Joseph
  1832 | D        | Killed Harold
  1833 | D        | Reached skill level 23 in Stealth
  1833 | D        | Reached XP level 10. HP: 55/55 MP: 11/11
  1833 | D        | Killed Joseph
  1852 | D        | Noticed a smoke demon
  1855 | D        | Noticed an orange demon
  2000 | D        | HP: 1/55 [poison (dark miasma)]
  2039 | D        | Slain by a spriggan defender

Illustrated notes

Levels and vault maps discovered:
D:        dungeon_sprint_mu [sprint_mu_entry_forest, sprint_mu_temple_rooms,
          sprint_mu_d1_horrors, sprint_mu_d2_genie, sprint_mu_d3_branching,
          sprint_mu_orc_legion, sprint_mu_elf_gauntlet, sprint_mu_hive_nellie,
          sprint_mu_lair_fedhas, sprint_mu_vaults_butterflies,
          sprint_mu_slime_circle, sprint_mu_swamp_cave, sprint_mu_snake_twists,
          sprint_mu_blade_basic, sprint_mu_crypt_chambers,
          sprint_mu_tomb_spiral, sprint_mu_vestibule_basic,
          sprint_mu_gehenna_hellfire, sprint_mu_dis_giant,
          sprint_mu_tartarus_statrot, sprint_mu_cocytus_islands, sprint_mu_zot1]

Skill      XL: |  1  2  3  4  5  6  7  8  9 10 |
---------------+-------------------------------+-----
Stealth        | 9 10 12 15 17 19 21 23 | 23.9
Fighting       | 2 3 4 5 6 7 |  7.6
Dodging        | 2 3 4 5 6 8 9 11 12 | 12.0
Short Blades   | 3 4 6 8 9 |  9.1
Throwing       | 3 4 6 7 8 |  8.2
Evocations     | 4 8 |  8.5
Spellcasting   | |  0.4

Action                   |  1- 3 |  4- 6 |  7- 9 | 10-12 || total
-------------------------+-------+-------+-------+-------++-------
Melee: Dagger            |    18 |    37 |   189 |    14 ||   258
Throw: Dart              |     6 |    17 |     4 |     9 ||    36
Evoke: Wand              |       |       |       |     3 ||     3
  Use: Potion            |     6 |       |     1 |     2 ||     9
       Scroll            |       |       |       |     1 ||     1
 Stab: Sleeping          |     4 |     2 |    10 |     1 ||    17
Armor: Robe              |     1 |     1 |     3 |       ||     5
Dodge: Dodged            |    10 |    23 |    75 |     7 ||   115
